 Dungeon Crawl Stone Soup version 0.22-a0-542-gce4f928 (webtiles) character file.

1952 iamserjio the Cudgeler (level 9, -12/62 HPs)
             Began as an Octopode Wanderer on June 24, 2018.
             Killed from afar by a steam dragon (22 damage)
             ... with a ball of steam
             ... on level 6 of the Dungeon.
             The game lasted 00:13:01 (5415 turns).

iamserjio the Cudgeler (Octopode Wanderer)          Turns: 5415, Time: 00:13:02

Health: -12/62     AC:  3    Str: 15    XL:     9   Next: 18%
Magic:  9/9        EV: 17    Int: 18    God:
Gold:   142        SH:  0    Dex: 12    Spells: 8/8 levels left

rFire    . . .     SeeInvis +   a - +2 mace
rCold    . . .     Gourm    .   (no shield)
rNeg     . . .     Faith    .   r - +2 hat {Int+3}
rPois    +         Spirit   .   s - amulet of regeneration
rElec    .         Reflect  .   l - ring of see invisible
rCorr    .         Harm     .   m - +2 ring of strength
MR       .....                  p - ring of poison resistance
Stlth    ++++......             (no ring)
HPRegen  0.60/turn              (no ring)
MPRegen  0.11/turn              (no ring)
                                (no ring)
                                (no ring)

@: no status effects
A: almost no armour, stealthy swim, amphibious, 8 rings, constrict 8, camouflage
1, gelatinous body 1
a: no special abilities


You were on level 6 of the Dungeon.
You were not hungry.

You visited 1 branch of the dungeon, and saw 6 of its levels.

You collected 262 gold pieces.
You spent 120 gold pieces at shops.

Inventory:

Hand Weapons
 a - a +2 mace (weapon)
 v - a +0 morningstar
 A - a +1 whip of freezing
Missiles
 w - 7 needles of sleeping {!f}
 y - 5 javelins (quivered)
 C - 19 poisoned needles
Armour
 r - a +2 hat of intelligence (worn)
Jewellery
 l - a ring of see invisible (left tentacle)
 m - a +2 ring of strength (right tentacle)
 p - a ring of poison resistance (on tentacle)
 s - an amulet of regeneration (around mantle)
 u - an uncursed ring of fire
Wands
 e - a wand of digging (5)
 x - a wand of random effects (24)
 E - a wand of polymorph (11)
Scrolls
 b - a scroll of magic mapping {unknown}
 g - a scroll of enchant armour {unknown}
 h - 6 scrolls of teleportation
 k - a scroll of random uselessness {unknown}
 n - 4 scrolls of immolation
 o - a scroll of enchant weapon {unknown}
 q - a scroll of noise
 z - a scroll of fog
 H - a scroll of identify {@r1}
Potions
 c - 6 potions of curing {@q1}
 f - 3 potions of flight
 i - a potion of ambrosia
 t - 2 potions of lignification {unknown}
 B - a potion of degeneration {unknown}
 D - a potion of might {unknown}
 F - a potion of haste {unknown}
 G - a potion of cancellation {unknown}
Comestibles
 d - 7 rations


   Skills:
 - Level 6.0 Fighting
 * Level 7.6 Maces & Flails
 - Level 1.0 Throwing
 * Level 7.3 Dodging
 + Level 7.2 Stealth
 - Level 1.1 Evocations


You had 8 spell levels left.
You didn't know any spells.
Your spell library was empty.

Dungeon Overview and Level Annotations

Branches:
Dungeon (6/15)
 Temple: D:4-7

Altars:
Ashenzari
Kikubaaqudgha
Nemelex Xobeh
Wu Jian
Xom
Zin
Beogh

Shops:
D:6 *??*

Annotations:
D:3 3 runed doors, Hebeh's ghost, amateur DDFi
D:6 exclusion: steam dragon


Innate Abilities, Weirdness & Mutations

You cannot wear most types of armour.
You are very stealthy in the water. (Stealth+)
You are amphibious.
You can wear up to eight rings at the same time.
You can use your tentacles to constrict eight enemies at once.
Your skin changes colour to match your surroundings (Stealth+).
Your rubbery body absorbs attacks. (AC +1, EV +1)


Message History

You hit the steam dragon but do no damage.
The steam dragon is heavily wounded.
The steam dragon completely misses you. x2
You closely miss the steam dragon. You squeeze the steam dragon.
The steam dragon is heavily wounded.
The steam dragon closely misses you.
The steam dragon claws you but does no damage.
Okay, then.
You closely miss the steam dragon. You squeeze the steam dragon!
The steam dragon is almost dead.
The steam dragon breathes steam at you. The ball of steam hits you!
* * * LOW HITPOINT WARNING * * *
Okay, then.
Okay, then.
You are engulfed in a cloud of scalding steam.
* * * LOW HITPOINT WARNING * * *
The steam dragon breathes steam at you. The ball of steam hits you!
You die...

####### ##....##### #..####
......#####.........#####.....#
.......##..........[......#...
..b.b..##...........###.∩.#.# .
.......##......#....#
#.....##...
..).....##.§..##....#
#.#.O<.....
.......#..#.§..#....#
#..######..
.......#..#..§......# #..#
##.####.##[..#§§@...###O##
....##..[)..###§§....##.#
..#.#..###### ##D###.#..######
...∩..># ####....)...†..).#
###.#### #......######.##.l..h
# #..# ###.####.## #+# ###. ♣
♣♣♣# ###[..# #..# ♣### ##...###
##.## ♣#∩# #..### #..#


You could see a steam dragon.

Vanquished Creatures
  Pikel (D:6)
  A moth of wrath (D:6)
  A steam dragon (D:6)
  A phantom (D:3)
  A slave (D:6)
  A sky beast (D:4)
  4 ogres
  A scorpion (D:4)
  A crimson imp (D:5)
  A centaur zombie (D:5)
  A hound (D:4)
  3 bullfrog skeletons
  An orc wizard (D:4)
  3 worker ants
  A hound skeleton (D:6)
  3 worker ant zombies (D:5)
  4 adders
  3 gnolls (D:4)
  A shadow imp (D:5)
  2 oozes
  A dart slug (D:3)
  6 leopard geckos
  18 orcs
  A ball python (D:5)
  4 bats
  5 giant cockroaches
  3 goblins (D:1)
  4 hobgoblins
  4 jackals (D:3)
  2 quokkas
  6 frilled lizards
  A jackal skeleton (D:4)
  5 kobolds
  A quokka skeleton (D:4)
  A quokka zombie (D:6)
  12 rats
109 creatures vanquished.

Vanquished Creatures (others)
  A howler monkey (D:6)
  A butterfly (D:6)
2 creatures vanquished.

Grand Total: 111 creatures vanquished

Notes
Turn   | Place    | Note
-------+----------+-------------------------------------------
     0 | D:1      | iamserjio the Octopode Wanderer began the quest for the Orb.
     0 | D:1      | iamserjio set off with: a +2 mace, a +0 hand axe, a potion of curing {@q1}, a ration
     0 | D:1      | Reached XP level 1. HP: 19/19 MP: 1/1
    59 | D:1      | Reached XP level 2. HP: 21/25 MP: 2/2
   123 | D:1      | Reached skill level 1 in Dodging
   123 | D:1      | Reached skill level 1 in Stealth
   620 | D:2      | Reached XP level 3. HP: 30/30 MP: 3/3
  1246 | D:3      | Found a sparkling altar of Nemelex Xobeh.
  1309 | D:3      | Reached XP level 4. HP: 32/36 MP: 4/4
  1518 | D:3      | Found a runed gate.
  1518 | D:3      | Found a runed gate.
  1519 | D:3      | Found a runed gate.
  1633 | D:3      | Noticed Hebeh's ghost (amateur DDFi)
  1679 | D:3      | Found a shattered altar of Ashenzari.
  1759 | D:3      | Found an ancient bone altar of Kikubaaqudgha.
  2142 | D:3      | Found a roughly hewn altar of Beogh.
  2167 | D:4      | Noticed a sky beast
  2454 | D:4      | Noticed a phantom
  2464 | D:3      | Killed a phantom
  2464 | D:3      | Reached XP level 5. HP: 24/41 MP: 5/5
  2523 | D:4      | Reached XP level 6. HP: 38/46 MP: 6/6
  2610 | D:4      | Killed a sky beast
  3030 | D:4      | Reached XP level 7. HP: 52/52 MP: 7/7
  3042 | D:4      | Reached skill level 5 in Maces & Flails
  3926 | D:5      | Entered Level 5 of the Dungeon
  4017 | D:5      | Reached skill level 5 in Dodging
  4017 | D:5      | Reached skill level 5 in Stealth
  4198 | D:5      | Found an ornate altar of the Wu Jian Council.
  4330 | D:5      | Reached XP level 8. HP: 57/57 MP: 8/8
  4840 | D:6      | Found Oniad's Assorted Antiques.
  4892 | D:6      | Found Mukluno's Magic Scroll Shop.
  4893 | D:6      | Noticed Pikel
  4913 | D:6      | Killed Pikel
  4925 | D:6      | Found Xiwniddau's Assorted Antiques.
  4941 | D:6      | Bought a knobbly granite ring for 105 gold pieces
  4952 | D:6      | Bought a scroll of noise for 15 gold pieces
  4970 | D:6      | Found a shimmering altar of Xom.
  4998 | D:6      | Found a glowing silver altar of Zin.
  5060 | D:6      | Found Qebbonor's Magic Scroll Shop.
  5096 | D:6      | Noticed a two-headed ogre
  5102 | D:6      | Noticed a moth of wrath
  5102 | D:6      | a two-headed ogre changed into a moth of wrath
  5109 | D:6      | Killed a moth of wrath
  5109 | D:6      | Reached XP level 9. HP: 19/62 MP: 9/9
  5306 | D:6      | HP: 3/62 [steam dragon/ball of steam (21)]
  5415 | D:6      | Killed from afar by a steam dragon

Vault maps used:
D:1:      minmay_arrival_cross, st_stairs_8
D:2:      grunt_ministairs_4, minivault_19
D:3:      old_standard_altar, nemelex_xobeh_ov_fountains_minmay,
          biasface_ghost_orc_armoury, cheibrodos_ashenzari_chains
D:4:      first_ration
D:5:      kennysheep_little_box
D:6:      kennysheep_steamy, lemuel_crystal_altar, xom_butterflies, tso_altar,
          serial_shops, kennysheep_mini_moat, nicolae_shop_crystal,
          nicolae_shop_stone, nicolae_shop_stone,
          nicolae_qazlal_style_of_elements, uniq_pikel

Skill      XL: |  1  2  3  4  5  6  7  8  9 |
---------------+----------------------------+-----
Dodging        | 1 2 3 4 5 7 |  7.3
Stealth        | 1 2 3 4 5 6 7 |  7.2
Maces & Flails | 3 4 5 7 |  7.6
Fighting       | |  6.0
Throwing       | |  1.0
Evocations     | |  1.1

Action                   |  1- 3 |  4- 6 |  7- 9 || total
-------------------------+-------+-------+-------++-------
Melee: Mace              |    55 |    78 |   135 ||   268
       Tentacles         |     9 |    10 |    40 ||    59
       Constrict         |    14 |    14 |    26 ||    54
Evoke: Wand              |       |       |     1 ||     1
  Use: Scroll            |       |     5 |     6 ||    11
       Potion            |       |     1 |     3 ||     4
 Stab: Sleeping          |     6 |    12 |     6 ||    24
       Distracted        |       |     2 |       ||     2
       Invisible         |       |       |     3 ||     3
  Eat: Chunk             |     1 |     2 |     4 ||     7
       Ration            |       |     1 |     1 ||     2
Armor: Skin              |     3 |     9 |    15 ||    27
Dodge: Dodged            |    37 |    47 |    81 ||   165

Table legend:
 A = Spawn XP
 B = Non-spawn XP
 C = Spawn XP percentage of total XP
 D = Spawn monster count
 E = Non-spawn monster count
 F = Spawn count percentage of total count
 G = Total turns spent on level
                    A         B        C        D         E        F      G
               +---------+---------+-------+---------+---------+-------+---------
         Total |       0 |    2789 |   0.0 |       0 |     108 |   0.0 |  5415
               +---------+---------+-------+---------+---------+-------+---------
           D:1 |       0 |      33 |   0.0 |       0 |      20 |   0.0 |   600
           D:2 |       0 |      26 |   0.0 |       0 |       8 |   0.0 |   637
           D:3 |       0 |     219 |   0.0 |       0 |      34 |   0.0 |  1244
           D:4 |       0 |     700 |   0.0 |       0 |      24 |   0.0 |  1445
           D:5 |       0 |     401 |   0.0 |       0 |      15 |   0.0 |  1048
           D:6 |       0 |    1410 |   0.0 |       0 |       7 |   0.0 |   441
               +---------+---------+-------+---------+---------+-------+---------
